 Dungeon Crawl Stone Soup version 0.26.1-11-gd32895ea62 (webtiles) character file.

Game seed: 2433228388877824506

179 Descartes the Conjurer (level 5, -7/28 HPs)
             Began as a Deep Elf Hedge Wizard on May 30, 2021.
             Splashed by Ijyb's acid (11 damage)
             ... on level 3 of the Dungeon.
             The game lasted 00:08:06 (2657 turns).

Descartes the Conjurer (Deep Elf Hedge Wizard)      Turns: 2657, Time: 00:08:06

Health: -7/28      AC:  4    Str:  7    XL:     5   Next: 33%
Magic:  3/14       EV: 13    Int: 20    God:
Gold:   112        SH:  0    Dex: 14    Spells: 13/14 levels left

rFire    . . .     SeeInvis .   a - +1 dagger
rCold    . . .     Faith    .   (no shield)
rNeg     . . .     Spirit   .   b - +0 robe
rPois    .         Reflect  .   j - +0 helmet
rElec    .         Harm     .   p - +0 cloak
rCorr    .         Rampage  .   (no gloves)
Will     .....                  (no boots)
Stlth    ++........             (no amulet)
HPRegen  0.09/turn              (no ring)
MPRegen  0.14/turn              (no ring)

@: no status effects
A: no striking features
a: no special abilities


You were on level 3 of the Dungeon.
You visited 1 branch of the dungeon, and saw 3 of its levels.

You collected 112 gold pieces.

Inventory:

Hand Weapons
 a - a +1 dagger (weapon)
Missiles
 e - 16 arrows
 h - 56 stones
 q - 12 sling bullets
Armour
 b - a +0 robe (worn)
 c - a +0 hat
 j - a +0 helmet (worn)
 p - a +0 cloak (worn)
Scrolls
 f - a scroll of blinking
 g - 3 scrolls of remove curse
 i - a scroll of teleportation {unknown}
 r - a scroll of fog {unknown}
Potions
 d - a potion of cancellation {unknown}
 l - a potion of might
 n - 2 potions of haste {unknown}
 o - a potion of curing {unknown}


   Skills:
 - Level 2.4 Dodging
 - Level 2.5 Stealth
 - Level 5.0 Spellcasting
 + Level 5.4 Conjurations
 - Level 1.1 Summonings
 - Level 1.1 Translocations


You had 13 spell levels left.
You knew the following spells:

 Your Spells              Type           Power        Failure   Level
a - Magic Dart            Conj           100%         1%          1

Your spell library contained the following spells:

 Spells                   Type           Power        Failure   Level
 Blink                    Tloc           N/A          11%         2
 Call Imp                 Summ           9%           11%         2
 Conjure Flame            Conj/Fire      15%          12%         3
 Slow                     Hex            5%           17%         2
 Mephitic Cloud           Conj/Pois/Air  12%          17%         3


Dungeon Overview and Level Annotations

Branches:
Dungeon (3/15)

Altars:
Hepliaklqana
Wu Jian

Annotations:
D:3 Ijyb


Message History

Casting: Magic Dart (safe; 1% risk of failure)
Confirm with . or Enter, or press ? or * to list all spells.
Aiming: Magic Dart (safe; 1% risk of failure)
Press: ? - help, Shift-Dir - straight line, f/p - Ijyb
Aim: Ijyb, wearing a cursed +0 ring mail and carrying a wand of acid (7) (lightly wounded, 0% to evade)
The magic dart hits Ijyb.
Ijyb is moderately wounded.
Ijyb hits you.
Casting: Magic Dart (safe; 1% risk of failure)
Confirm with . or Enter, or press ? or * to list all spells.
Aiming: Magic Dart (safe; 1% risk of failure)
Press: ? - help, Shift-Dir - straight line, f/p - Ijyb
Aim: Ijyb, wearing a cursed +0 ring mail and carrying a wand of acid (7) (moderately wounded, 0% to evade)
The magic dart hits Ijyb.
Ijyb is moderately wounded.
Ijyb zaps a wand.
The bolt of acid hits you!!
Ouch! That really hurt!
* * * LOW HITPOINT WARNING * * *
You are splashed with acid!
You die...

##)#.†....#####.#
#....#.#..# #.#
.....#.#..### #.#
#....#......# #.#
##.#.###..#.# #.#
####.# #..#.###.##
## #.###..#......#
.8 #.............#
..##############@#
..8 #g# ..## #.#
.8# #.# #g# #.#
#)# ..#


You could see Ijyb and a goblin.

Vanquished Creatures
  A black bear (D:2)
  2 adders (D:2)
  3 oozes (D:2)
  A dart slug (D:1)
  3 leopard geckos
  5 orcs (D:3)
  5 bats
  A giant cockroach (D:2)
  8 goblins
  3 hobgoblins (D:1)
  3 jackals (D:1)
  3 ball pythons (D:2)
  A frilled lizard (D:1)
  7 kobolds
  6 rats
52 creatures vanquished.

Notes
Turn   | Place    | Note
-------+----------+-------------------------------------------
     0 | D:1      | Descartes the Deep Elf Hedge Wizard began the quest for the
                  | Orb.
     0 | D:1      | Reached XP level 1. HP: 10/10 MP: 7/7
   292 | D:1      | Reached skill level 5 in Spellcasting
   292 | D:1      | Reached XP level 2. HP: 7/15 MP: 1/10
  1506 | D:2      | Reached XP level 3. HP: 19/19 MP: 9/11
  1806 | D:2      | Noticed a black bear
  1817 | D:2      | Killed a black bear
  1818 | D:2      | Reached XP level 4. HP: 8/24 MP: 1/13
  2193 | D:2      | Reached skill level 5 in Conjurations
  2193 | D:2      | Reached XP level 5. HP: 28/28 MP: 11/14
  2413 | D:2      | Found an ornate altar of the Wu Jian Council.
  2601 | D:3      | Found a hazy altar of Hepliaklqana.
  2647 | D:3      | Noticed Ijyb
  2657 | D:3      | Splashed by Ijyb's acid

Illustrated notes

Levels and vault maps discovered:
D:1:      minmay_arrival_split_and_join, layout_basic
D:2:      minmay_chambers_of_twos, layout_rooms, nzn_wu_jian_council_hall
D:3:      layout_loops_corners, lemuel_round_altar,
          lemuel_coloured_pillars_altar, nicolae_overflow_hidden_temple,
          uniq_ijyb, uniq_jessica

Skill      XL: |  1  2  3  4 |
---------------+-------------+-----
Spellcasting   | 5 |  5.0
Conjurations   | 2 4 5 |  5.4
Dodging        | |  2.4
Stealth        | |  2.5
Summonings     | |  1.1
Translocations | |  1.1

Action                   |  1- 3 |  4- 6 || total
-------------------------+-------+-------++-------
Melee: Dagger            |    11 |       ||    11
 Cast: Magic Dart        |    88 |    48 ||   136
  Use: Scroll            |       |     6 ||     6
Armor: Robe              |     7 |     2 ||     9
Dodge: Dodged            |    34 |     1 ||    35
